Map: Acid Plant LE

Players

Gaspi

  • Race: Terran Terran
  • League: Master
  • Spawn Location: 5:00

Kenshin - Winner!

  • Race: Protoss Protoss
  • Spawn Location: 11:00

VOD

Have the link to the VOD?

Description

Time

  • Played on: Jan. 25, 2018, 12:42 p.m.
  • Length: 15:06
Show
View Real Time Build Order
Export as new Build Order

Gaspi Terran 

Build Orders: Reaper Expand, MMM Bio 

Get SALT Encoding   

  12  0:00  SCV  
  13  0:13  SCV  
  14  0:17  Supply Depot  
  14  0:25  SCV  
  15  0:32  Refinery  
  15  0:38  SCV  
  16  0:45  Barracks  
  16  0:50  SCV  
  17  1:02  SCV  
  18  1:14  SCV  
  19  1:32  Orbital Command, Reaper  
  20  1:48  Command Center  
  20  1:59  Factory  
  20  2:03  SCV  
  21  2:10  Barracks Reactor  
  21  2:15  SCV  
  22  2:20  Supply Depot  
  22  2:21  Refinery  
  22  2:28  SCV  
  23  2:41  SCV  
  24  2:46  Starport  
  24  2:47  Marine x2  
  24  2:51  Widow Mine  
  28  2:53  SCV  
  29  3:03  Orbital Command  
  29  3:06  SCV  
  29  3:07  Marine  
  31  3:17  Marine  
  31  3:18  SCV  
  33  3:30  SCV x2  
  33  3:33  Widow Mine  
  37  3:36  Medivac  
  37  3:38  Marine  
  37  3:40  Marine  
  41  3:42  SCV  
  41  3:43  SCV  
  43  3:55  Supply Depot, SCV x2  
  45  4:07  SCV, Barracks  
  46  4:10  Barracks  
  46  4:17  Bunker, SCV, Factory Tech Lab  
  47  4:19  Supply Depot, SCV  
  47  4:20  Starport Tech Lab, Marine  
  47  4:22  Marine  
  50  4:29  SCV  
  50  4:31  SCV  
  52  4:38  Marine  
  53  4:40  Marine  
  53  4:41  SCV  
  53  4:43  Supply Depot, SCV  
  56  4:45  Factory Reactor  
  56  4:47  Starport Reactor  
  50  4:53  SCV  
  50  4:56  Marine  
  50  4:58  SCV, Marine  
  54  5:05  Marauder x2, SCV, Stimpack, Combat Shields  
  58  5:09  Refinery  
  58  5:11  SCV  
  58  5:12  Supply Depot  
  58  5:13  Engineering Bay  
  59  5:16  Marine x2  
  59  5:17  SCV  
  62  5:21  Refinery  
  62  5:23  Medivac, Widow Mine x2  
  62  5:25  Medivac  
  70  5:34  Marauder x2, Supply Depot  
  74  5:42  Supply Depot  
  73  5:43  Terran Infantry Weapons Level 1  
  73  5:51  Barracks  
  73  5:52  Barracks  
  73  5:56  Marauder x2, Marine  
  78  6:03  Marine  
  79  6:05  Medivac, Widow Mine x2  
  79  6:11  SCV x2  
  85  6:23  SCV  
  85  6:25  Marauder x2, Marine x2  
  92  6:34  Supply Depot  
  92  6:36  Supply Depot  
  92  6:38  Supply Depot  
  92  6:40  Widow Mine  
  92  6:43  Marine x2  
  92  6:46  Marauder  
  92  6:47  Marauder  
  100  6:50  Medivac  
  102  6:55  Medivac, SCV x2, Widow Mine  
  108  7:02  Supply Depot  
  108  7:03  Supply Depot, Marine x2  
  108  7:06  Barracks Reactor, Barracks Tech Lab  
  110  7:09  Widow Mine  
  110  7:11  Concussive Shells  
  112  7:18  Marauder, Marine  
  108  7:31  Medivac x2  
  108  7:36  Marauder  
  110  7:43  Marauder, Marine x3  
  110  7:44  Marauder  
  92  7:54  Marine  
  92  7:58  Marauder  
  87  8:01  Marine x2  
  87  8:03  Medivac x2  
  87  8:05  Marauder x2, Widow Mine  
  94  8:07  Terran Infantry Armor Level 1  
  94  8:16  Marine  
  94  8:19  Marauder  
  97  8:21  Marine  
  97  8:22  Marine x2  
  97  8:26  Marauder x2  
  104  8:28  SCV x2  
  106  8:34  Marine  
  106  8:39  Marine  
  106  8:40  Marauder, Marine  
  111  8:46  Command Center  
  111  8:48  Marauder x2  
  115  8:50  Marine  
  115  8:52  Marine  
  117  9:02  Marauder  
  102  9:13  Marauder x2, Marine x4  
  94  9:22  SCV x2  
  94  9:23  Marauder  
  98  9:26  Armory  
  98  9:27  Engineering Bay  
  98  9:31  Marine x3  
  100  9:35  Marauder, Widow Mine x2  
  100  9:36  Viking  
  109  9:49  Viking  
  109  9:50  Marauder x2, Marine  
  109  9:52  SCV  
  117  9:58  Marauder, Marine x2  
  121  10:00  SCV  
  123  10:07  Orbital Command  
  123  10:14  Marauder x2, Marine x2  
  126  10:27  Viking x2  
  131  10:28  Widow Mine x2  
  131  10:38  Marauder, Marine x2  
  131  10:39  Marauder x2  
  131  10:42  SCV x2  
  141  10:43  SCV  
  142  10:57  Viking x2  
  142  11:01  Marauder x2, Marine x2  
  142  11:02  Marauder, Marine  
  142  11:03  Marine  
  156  11:06  Terran Infantry Armor Level 2  
  156  11:11  Terran Infantry Weapons Level 2  
  156  11:14  Supply Depot  
  156  11:16  Supply Depot  
  156  11:24  Refinery  
  156  11:31  Marine  
  156  11:32  Marine x3  
  164  11:33  Marauder x2  
  164  11:35  Viking  
  164  11:36  Viking, Marauder  
  170  11:45  Missile Turret  
  170  11:46  Missile Turret  
  170  11:50  Missile Turret  
  161  12:14  SCV x3  
  164  12:18  Marauder x2  
  164  12:19  Marauder, Marine x4  
  164  12:21  Viking x2  
  178  12:26  SCV  
  179  12:32  Supply Depot  
  179  12:36  Supply Depot  
  152  12:48  Orbital Command  
  152  12:49  Marauder x3, Marine x2  
  105  12:55  Marine x2  
  104  13:02  Medivac  
  106  13:09  Medivac  
  108  13:21  Marine x2  
  108  13:25  SCV x2  
  103  13:38  Marauder x2, Marine x2  
  103  13:39  Marauder  
  97  13:42  Medivac x2  
  97  13:45  Widow Mine  
  97  13:47  Widow Mine  
  84  14:00  Marine x4  
  67  14:04  Marine  
  67  14:05  Marauder x2  
  68  14:11  Widow Mine x2  
  63  14:17  Marine  
  63  14:23  Marauder  
  53  14:33  Widow Mine  
Show
View Real Time Build Order
Export as new Build Order

Kenshin Protoss - Winner!

Build Orders: 1 Gate Expand, Blink Stalkers 

Get SALT Encoding   

  12  0:00  Probe  
  13  0:12  Probe  
  14  0:18  Pylon  
  14  0:25  Probe (Chrono Boost)  
  15  0:37  Probe (Chrono Boost)  
  15  0:41  Gateway  
  16  0:46  Probe (Chrono Boost), Assimilator  
  17  0:51  Probe  
  18  1:03  Probe (Chrono Boost)  
  19  1:14  Probe (Chrono Boost)  
  20  1:25  Nexus  
  20  1:35  Cybernetics Core  
  20  1:36  Probe  
  21  1:42  Assimilator  
  21  1:48  Probe  
  22  1:55  Pylon  
  22  2:01  Probe  
  23  2:11  Stalker (Chrono Boost)  
  23  2:14  Warp Gate  
  25  2:18  Probe  
  26  2:24  Twilight Council  
  26  2:31  Probe (Chrono Boost)  
  26  2:33  Stalker  
  29  2:41  Probe (Chrono Boost)  
  30  2:49  Probe (Chrono Boost)  
  30  2:50  Probe (Chrono Boost)  
  31  2:55  Probe (Chrono Boost)  
  31  2:58  Blink (Chrono Boost)  
  32  3:01  Probe  
  34  3:13  Probe (Chrono Boost)  
  34  3:14  Probe (Chrono Boost)  
  34  3:18  Gateway  
  35  3:20  Gateway  
  36  3:29  Probe x2 (Chrono Boost)  
  36  3:31  Stalker  
  36  3:34  Probe (Chrono Boost)  
  39  3:38  Probe (Chrono Boost)  
  41  3:42  Pylon  
  41  3:45  Probe (Chrono Boost)  
  43  3:51  Robotics Facility  
  43  3:52  Probe (Chrono Boost)  
  43  3:54  Probe (Chrono Boost)  
  44  4:00  Probe  
  45  4:04  Assimilator  
  45  4:06  Probe  
  45  4:08  Assimilator  
  45  4:09  Pylon  
  46  4:12  Probe  
  47  4:22  Stalker x2  
  52  4:24  Probe  
  52  4:25  Stalker  
  52  4:30  Probe  
  55  4:36  Probe  
  57  4:38  Observer  
  57  4:43  Nexus  
  57  4:46  Probe  
  57  4:48  Probe  
  59  4:55  Pylon  
  59  4:59  Stalker  
  61  5:06  Probe  
  62  5:12  Robotics Bay  
  62  5:13  Probe  
  63  5:15  Forge  
  63  5:16  Forge  
  63  5:17  Sentry x2  
  63  5:19  Probe (Chrono Boost)  
  68  5:25  Probe (Chrono Boost)  
  69  5:29  Pylon  
  69  5:31  Observer  
  70  5:45  Pylon  
  70  5:46  Probe x2, Charge  
  72  5:52  Observer (Chrono Boost), Protoss Ground Weapons Level 1 (Chrono Boost)  
  72  5:54  Probe  
  72  5:56  Protoss Ground Armor Level 1 (Chrono Boost)  
  74  5:58  Probe x2  
  74  5:59  Observer, Pylon  
  74  6:01  Zealot x3  
  82  6:12  Probe  
  82  6:13  Colossus (Chrono Boost)  
  89  6:24  Extended Thermal Lance  
  85  6:25  Probe  
  85  6:26  Probe x2  
  85  6:28  Pylon  
  88  6:34  Observer  
  88  6:37  Gateway x2  
  88  6:38  Probe  
  88  6:39  Gateway, Pylon  
  89  6:47  Probe x2  
  89  6:49  Assimilator  
  89  6:51  Colossus (Chrono Boost)  
  89  6:52  Assimilator  
  97  7:01  Stalker x3  
  103  7:05  Pylon  
  103  7:08  Templar Archives  
  103  7:19  Probe  
  103  7:20  Probe  
  103  7:22  Pylon  
  105  7:26  Stalker  
  105  7:27  Stalker x2  
  107  7:34  Colossus (Chrono Boost)  
  111  7:40  Zealot x3  
  91  7:57  Zealot x3  
  89  8:03  Protoss Ground Weapons Level 2 (Chrono Boost)  
  87  8:09  Gateway  
  87  8:11  Gateway, Protoss Ground Armor Level 2 (Chrono Boost)  
  87  8:15  Colossus (Chrono Boost)  
  87  8:16  Gateway x2  
  93  8:20  Gateway, Pylon  
  93  8:25  Stalker x3  
  93  8:27  Zealot  
  101  8:35  Zealot  
  101  8:36  Stalker  
  101  8:38  Psionic Storm  
  101  8:39  Pylon  
  105  8:47  Zealot  
  105  8:48  Zealot x3  
  113  8:56  Stalker  
  115  9:05  Zealot  
  115  9:09  Zealot x6  
  109  9:14  Colossus (Chrono Boost)  
  111  9:19  Observer  
  111  9:25  High Templar x3  
  117  9:32  Pylon  
  117  9:35  Dark Shrine  
  116  9:49  High Templar  
  116  9:52  Nexus, Zealot x4  
  126  9:56  Pylon  
  126  9:57  Pylon  
  126  9:59  Warp Prism  
  128  10:15  Stalker  
  128  10:16  Stalker  
  132  10:25  Nexus  
  132  10:28  Stalker x4  
  132  10:29  Stalker  
  141  10:36  Pylon  
  141  10:40  Zealot x4  
  141  10:41  Zealot x2  
  153  10:43  Protoss Ground Weapons Level 3 (Chrono Boost)  
  153  10:56  Warp Prism (Chrono Boost)  
  151  11:00  Pylon  
  151  11:02  Protoss Ground Armor Level 3 (Chrono Boost)  
  153  11:04  High Templar  
  153  11:05  High Templar x3  
  153  11:09  Archon  
  161  11:17  Nexus  
  161  11:20  Dark Templar  
  161  11:22  Dark Templar  
  165  11:27  Archon  
  165  11:30  Immortal (Chrono Boost)  
  169  11:33  Pylon  
  169  11:34  Pylon  
  169  11:38  Stalker  
  169  11:39  Stalker  
  173  12:06  Dark Templar  
  173  12:07  Dark Templar, Warp Prism (Chrono Boost)  
  173  12:12  Stalker x7  
  183  12:17  Stalker  
  183  12:18  Pylon  
  149  12:53  Protoss Shields Level 1 (Chrono Boost)  
  149  12:55  Immortal (Chrono Boost)  
  153  13:00  High Templar  
  153  13:01  High Templar x2  
  153  13:02  Zealot x8  
  176  13:05  Probe x2  
  176  13:06  Probe  
  176  13:08  Pylon  
  178  13:16  Robotics Facility  
  178  13:19  Pylon  
  178  13:20  Assimilator  
  178  13:23  Dark Templar x2  
  178  13:26  Immortal (Chrono Boost), Assimilator  
  173  13:46  Zealot x6  
  173  13:47  Zealot  
  185  13:56  Zealot  
  185  13:57  Zealot x2  
  185  14:06  Zealot x3  
  181  14:13  Immortal  
  173  14:26  Nexus  
  173  14:27  High Templar  
  173  14:30  High Templar  
  173  14:37  Zealot  
  173  14:49  Zealot x6  
  173  14:59  Zealot x3  
Tags
 
Add a new tag
Caveats
  • Supply blocks, unpowered buildings, or Contaminate may cause inaccurate times.
  • Supply counts are checked every 10 seconds.